 Dungeon Crawl Stone Soup version 0.30-a0-165-g1891117ce2 (webtiles) character file.

Game seed: 11926202658786800223

30 jimonade the Gusty (level 3, -3/32 HPs)
             Began as an Ogre Air Elementalist on Sept 28, 2022.
             Slain by Terence
             ... wielding a +0 falchion
              (8 damage)
             ... on level 2 of the Dungeon.
             The game lasted 00:03:28 (1402 turns).

jimonade the Gusty (Ogre Air Elementalist)          Turns: 1402, Time: 00:03:29

Health: -3/32      AC:  3    Str: 12    XL:     3   Next: 20%
Magic:  1/7        EV:  9    Int: 18    God:
Gold:   68         SH:  0    Dex:  9    Spells: 6/7 levels left

rFire   . . .      SeeInvis .    (no weapon)
rCold   . . .      Faith    .    (no shield)
rNeg    . . .      Spirit   .    a - +0 robe
rPois   .          Reflect  .    (helmet restricted)
rElec   .          Harm     .    (no cloak)
rCorr   .          Rampage  .    (gloves unavailable)
Will    .....                    (boots unavailable)
Stlth   ..........               (no amulet)
HPRegen 0.10/turn                (no ring)
MPRegen 0.10/turn                (no ring)

@: silenced
A: large, unfitting armour, tough skin 1
a: no special abilities


You were on level 2 of the Dungeon.
You visited 1 branch of the dungeon, and saw 2 of its levels.

You collected 68 gold pieces.

Inventory:

Armour
 a - a +0 robe (worn)
Scrolls
 d - a scroll of amnesia {unknown}
 g - a scroll of torment {unknown}
 i - a scroll of vulnerability {unknown}
 j - 2 scrolls of identify {unknown}
Potions
 b - a potion of magic
 c - a potion of attraction {unknown}
 e - a potion of heal wounds {unknown}
 h - a potion of mutation {unknown}


   Skills:
 + Level 0.3 Fighting
 - Level 1.7 Dodging
 - Level 1.4 Stealth
 + Level 2.9 Spellcasting
 + Level 1.1 Conjurations
 + Level 3.4 Air Magic


You had 6 spell levels left.
You knew the following spells:

 Your Spells              Type           Power      Damage    Failure   Level
a - Shock                 Conj/Air       40%        1d5       6%          1

Your spell library contained the following spells:

 Spells                   Type           Power      Damage    Failure   Level
 Static Discharge         Conj/Air       20%        2-3/arc   10%         2
 Swiftness                Air            15%        N/A       12%         3
 Airstrike                Air            7%         2d(2-18)  36%         4
 Ozocubu's Armour         Ice            2%         N/A       45%         3
 Ozocubu's Refrigeration  Ice            1%         4d7       100%        7


Dungeon Overview and Level Annotations

Branches:
Dungeon (2/15)

Altars:

Annotations:
D:2 Terence


Innate Abilities, Weirdness & Mutations

You are too large for most types of armour.
You have tough skin. (AC +1)


Message History

Terence is moderately wounded.
Terence hits you with a +0 falchion.
Aiming: Shock (safe; 6% risk of failure)
Press: ? - help, Q - select action Shift-Dir - straight line The zap misses Terence. x2
Terence hits you with a +0 falchion.
Aiming: Shock (safe; 6% risk of failure)
Press: ? - help, Q - select action Shift-Dir - straight line The zap hits Terence.
Terence is heavily wounded.
The zap hits Terence.
Terence is heavily wounded.
Terence hits you with a +0 falchion.
* * * LOW HITPOINT WARNING * * *
Aiming: Shock (safe; 6% risk of failure)
Press: ? - help, Q - select action Shift-Dir - straight line The zap hits Terence.
Terence is severely wounded.
The zap misses Terence.
Terence hits you with a +0 falchion.
* * * LOW HITPOINT WARNING * * *
Aiming: Shock (safe; 6% risk of failure)
Press: ? - help, Q - select action Shift-Dir - straight line The zap hits Terence but does no damage.
Terence is severely wounded.
The zap hits Terence.
Terence is almost dead.
Terence barely misses you.
You aren't carrying any items that you can evoke.
Unknown command.
As you read the scroll labelled HUOPTI OCUWUT, it crumbles to dust.
A profound silence engulfs you.
It was a scroll of silence.
Terence barely misses you.
You hit Terence but do no damage.
Terence is almost dead.
Terence closely misses you.
You hit Terence but do no damage.
Terence is almost dead.
Terence hits you with a +0 falchion!
You die...

#.####'##......# #.#..#.#
#..............# #....#.#
#.......##.....######.#.######
#.......##......... #.#.......
##########.....####.#.########
#........#.#.# #....
###.#......#.# #.##.
#@####.###.# #.##.
#.@........# #.#..
######.##### #.### #.# #....
#.# ##### #.# ###### #..
...... ### ######


You could see Terence.

Vanquished Creatures
  A dart slug (D:1)
  2 bats (D:1)
  4 endoplasms
  2 goblins (D:1)
  3 hobgoblins (D:1)
  2 jackals (D:1)
  A quokka (D:1)
  3 ball pythons (D:1)
  A frilled lizard (D:1)
  4 kobolds (D:1)
  A rat (D:1)
24 creatures vanquished.

Notes
Turn   | Place    | Note
-------+----------+-------------------------------------------
     0 | D:1      | jimonade the Ogre Air Elementalist began the quest for the
                  | Orb.
     0 | D:1      | Reached XP level 1. HP: 16/16 MP: 3/3
   144 | D:1      | Reached skill level 3 in Air Magic
   164 | D:1      | Reached XP level 2. HP: 24/24 MP: 0/5
   660 | D:1      | Reached skill level 1 in Conjurations
   969 | D:1      | Reached XP level 3. HP: 32/32 MP: 1/7
  1379 | D:2      | Noticed Terence
  1402 | D:2      | Slain by Terence

Illustrated notes

Levels and vault maps discovered:
D:1:      dpeg_arrival_orchard, layout_basic, chequers_serial_rivers_small_b
D:2:      layout_basic, grunt_decor_arrowhead, minmay_cut_off, uniq_terence

Skill      XL: |  1  2 |
---------------+-------+-----
Air Magic      | 3 |  3.4
Conjurations   | 1 |  1.1
Fighting       | |  0.3
Dodging        | |  1.7
Stealth        | |  1.4
Spellcasting   | |  2.9

Action                   || total
-------------------------++-------
Melee: Unarmed           ||     2
 Cast: Shock             ||    58
  Use: Scroll            ||     1
Armor: Robe              ||     6
Dodge: Dodged            ||     6

Table legend: (Time is in decaauts)
 A = Elapsed time spent in this place.
 B = Non-inter-level travel time spent in this place.
 C = Inter-level travel time spent in this place.
 D = Time resting spent in this place.
 E = Time spent auto-exploring this place.
 F = Levels seen in this place.
 G = Mean time per level.
                   A        B        C        D        E       F      G
               +--------+--------+--------+--------+--------+-----+--------+
         Total |   1402 |   1391 |     11 |      0 |   1191 |   2 |  701.0 |
       Dungeon |   1402 |   1391 |     11 |      0 |   1191 |   2 |  701.0 |
               +--------+--------+--------+--------+--------+-----+--------+

Top non-repeatable levels by time:
     D:1: 1246 daAuts
     D:2: 156 daAuts
